MID
LEXINGTON LEGENDS @ HICKORY CRAWDADS
07/03/2044
 
TOP OF THE 1ST
Lexington Legends batting - Pitching for Hickory Crawdads : LHP Chris P. Bacon
Pitching: LHP Chris P. Bacon
Batting: RHB Justin Bonner 0-0: Foul Ball, location: 2F
0-1: Ground out 5-3 (Groundball, 56, EV 101.3 MPH)
Batting: RHB Andy Urquhart 0-0: Ball
1-0: Foul Ball, location: 2F
1-1: Swinging Strike
1-2: Ball
2-2: Strikes out swinging
Batting: RHB Kevin Roseen 0-0: Ball
1-0: Foul Ball, location: 2F
1-1: Foul Ball, location: 2F
1-2: Fly out, F7 (Flyball, 78M, EV 83.8 MPH)
Top of the 1st over - 0 runs, 0 hits, 0 errors, 0 left on base; Lexington 0 - Hickory 0
BOTTOM OF THE 1ST
Hickory Crawdads batting - Pitching for Lexington Legends : RHP Gabe Torres
Pitching: RHP Gabe Torres
Batting: RHB Luke Stark 0-0: Ball
1-0: Foul Ball, location: 2F
1-1: Foul Ball, location: 2F
1-2: Foul Ball, location: 2F
1-2: Foul Ball, location: 2F
1-2: Strikes out looking
Batting: LHB Franklin Quezada 0-0: SINGLE (Groundball, 6MD, EV 95.6 MPH) (infield hit)
Batting: RHB Doug Hammertime 0-0: Called Strike
0-1: Swinging Strike
Franklin Quezada steals 2nd base (no throw)
0-2: Ball
1-2: Ball
2-2: Foul Ball, location: 2F
2-2: Ball
3-2: 2-RUN HOME RUN (Flyball, 8RXD, EV 116.3 MPH), Distance : 450 ft
Batting: RHB Bobby Larson 0-0: Ball
1-0: Foul Ball, location: 2F
1-1: Called Strike
1-2: Strikes out swinging
Batting: LHB Nick Foutz 0-0: Ball
1-0: Swinging Strike
1-1: Swinging Strike
1-2: Ball
2-2: Ball
3-2: Base on Balls
Batting: LHB Casper Kersten 0-0: Called Strike
0-1: Ball
1-1: Called Strike
1-2: Ball
2-2: DOUBLE (Flyball, 78D, EV 96.3 MPH)
Nick Foutz to third
Runner from 3rd tries for Home, SAFE, throw by CF to home
Batting: RHB Jason Swisher 0-0: SINGLE (Line Drive, 56D, EV 95.0 MPH)
Casper Kersten to third
Runner from 3rd tries for Home, SAFE, throw by LF to home
Pitching: RHP Austin Aubuchon
Batting: SHB Santos Renteria 0-0: Ball
1-0: Ball
2-0: Called Strike
2-1: Called Strike
2-2: Foul Ball, location: 2F
2-2: Strikes out swinging
Bottom of the 1st over - 4 runs, 4 hits, 0 errors, 1 left on base; Lexington 0 - Hickory 4
TOP OF THE 2ND
Lexington Legends batting - Pitching for Hickory Crawdads : LHP Chris P. Bacon
Batting: RHB Alex Cid 0-0: Ball
1-0: Swinging Strike
1-1: Foul Ball, location: 2F
1-2: Strikes out swinging
Batting: LHB Ho-win Zhou 0-0: Ball
1-0: SINGLE (Groundball, 3D, EV 100.0 MPH)
Batting: LHB Robby Diaz 0-0: Fly out, F9 (Flyball, 9LS, EV 87.5 MPH)
Batting: RHB Josh Martin 0-0: Called Strike
0-1: Called Strike
0-2: Fielders Choice at 2nd, 6-4 (Groundball, 6, EV 85.6 MPH)
Top of the 2nd over - 0 runs, 1 hit, 0 errors, 1 left on base; Lexington 0 - Hickory 4
BOTTOM OF THE 2ND
Hickory Crawdads batting - Pitching for Lexington Legends : RHP Austin Aubuchon
Batting: LHB Antonio Domingues 0-0: Ball
1-0: Ball
2-0: Foul Ball, location: 2F
2-1: Ball
3-1: Base on Balls
Pitching: LHP Cory Musial
Batting: RHB Luke Stark 0-0: Ball
1-0: Called Strike
1-1: Foul Ball, location: 2F
1-2: Fly out, F8 (Flyball, 78M, EV 82.5 MPH)
Batting: LHB Franklin Quezada 0-0: Ball
Antonio Domingues is caught stealing 2nd base 2-6
1-0: Ball
2-0: Called Strike
2-1: Foul Ball, location: 2F
2-2: Foul Ball, location: 2F
2-2: Foul Ball, location: 2F
2-2: Ground out 1-3 (Groundball, 13, EV 61.9 MPH)
Bottom of the 2nd over - 0 runs, 0 hits, 0 errors, 0 left on base; Lexington 0 - Hickory 4
TOP OF THE 3RD
Lexington Legends batting - Pitching for Hickory Crawdads : LHP Chris P. Bacon
Batting: SHB Jason Anaya 0-0: Foul Ball, location: 2F
0-1: Called Strike
0-2: Foul Ball, location: 2F
0-2: Foul Ball, location: 2F
0-2: Strikes out swinging
Batting: RHB Matt Tittle 0-0: Called Strike
0-1: Ball
1-1: Ball
2-1: Ground out 6-3 (Groundball, 6, EV 83.1 MPH)
Batting: RHB Justin Bonner 0-0: Ball
1-0: Fly out, F4 (Flyball, 4D, EV 83.1 MPH)
Top of the 3rd over - 0 runs, 0 hits, 0 errors, 0 left on base; Lexington 0 - Hickory 4
BOTTOM OF THE 3RD
Hickory Crawdads batting - Pitching for Lexington Legends : LHP Cory Musial
Batting: RHB Doug Hammertime 0-0: Ball
1-0: Called Strike
1-1: Ball
2-1: SOLO HOME RUN (Flyball, 89XD, EV 108.8 MPH), Distance : 428 ft
Batting: RHB Bobby Larson 0-0: Swinging Strike
0-1: Ball
1-1: Foul Ball, location: 2F
1-2: Ball
2-2: Foul Ball, location: 2F
2-2: Foul Ball, location: 2F
2-2: Ball
3-2: Base on Balls
Pitching: RHP Terry Romaine
Batting: LHB Nick Foutz 0-0: Ball
1-0: Foul Ball, location: 2F
1-1: Swinging Strike
1-2: Strikes out swinging
Batting: LHB Casper Kersten 0-0: Ball
1-0: Fly out, F9 (Flyball, 9D, EV 75.0 MPH)
Batting: RHB Jason Swisher 0-0: Called Strike
0-1: Ball
1-1: Fly out, F8 (Flyball, 8LD, EV 96.3 MPH)
Bottom of the 3rd over - 1 run, 1 hit, 0 errors, 1 left on base; Lexington 0 - Hickory 5
TOP OF THE 4TH
Lexington Legends batting - Pitching for Hickory Crawdads : LHP Chris P. Bacon
Batting: RHB Andy Urquhart 0-0: Ground out 4-3 (Groundball, 34, EV 88.1 MPH)
Batting: RHB Kevin Roseen 0-0: Called Strike
0-1: Foul Ball, location: 2F
0-2: SINGLE (Flyball, 4MD, EV 86.3 MPH)
Batting: RHB Alex Cid 0-0: Swinging Strike
0-1: Called Strike
0-2: Ball
Passed Ball!
Kevin Roseen to second
1-2: Ball
2-2: Foul Ball, location: 2F
2-2: Strikes out swinging
Batting: LHB Ho-win Zhou 0-0: Ball
1-0: 2-RUN HOME RUN (Flyball, 9LD, EV 91.9 MPH), Distance : 335 ft
Batting: LHB Robby Diaz 0-0: Ball
1-0: Ball
2-0: Foul Ball, location: 2F
2-1: Fly out, F7 (Flyball, 7D, EV 100.6 MPH)
Top of the 4th over - 2 runs, 2 hits, 0 errors, 0 left on base; Lexington 2 - Hickory 5
BOTTOM OF THE 4TH
Hickory Crawdads batting - Pitching for Lexington Legends : RHP Terry Romaine
Batting: SHB Santos Renteria 0-0: Fly out, F7 (Flyball, 7D, EV 88.1 MPH)
Batting: LHB Antonio Domingues 0-0: Ball
1-0: Hit by Pitch
Batting: RHB Luke Stark 0-0: Hit by Pitch
Antonio Domingues to second
Batting: LHB Franklin Quezada 0-0: Ball
Antonio Domingues steals 3rd base
Luke Stark to second
1-0: Called Strike
1-1: Called Strike
1-2: SINGLE (Groundball, 25, EV 64.4 MPH) (infield hit)
Batting: RHB Doug Hammertime 0-0: Ball
1-0: Foul Ball, location: 2F
1-1: Ball
2-1: Foul Ball, location: 2F
2-2: Ball
3-2: Foul Ball, location: 2F
3-2: Grounds into double play, 5-4-3 (Groundball, 5, EV 87.5 MPH)
Bottom of the 4th over - 0 runs, 1 hit, 0 errors, 2 left on base; Lexington 2 - Hickory 5
TOP OF THE 5TH
Lexington Legends batting - Pitching for Hickory Crawdads : LHP Chris P. Bacon
Batting: RHB Josh Martin 0-0: SINGLE (Line Drive, 89M, EV 106.3 MPH)
Batting: SHB Jason Anaya 0-0: Ball
1-0: Called Strike
1-1: Swinging Strike
1-2: Strikes out looking
Batting: RHB Matt Tittle 0-0: Ball
1-0: Swinging Strike
1-1: Foul Ball, location: 2F
1-2: Ball
2-2: Strikes out looking
Batting: RHB Justin Bonner 0-0: Called Strike
0-1: Ground out 4-3 (Groundball, 4, EV 81.9 MPH)
Top of the 5th over - 0 runs, 1 hit, 0 errors, 1 left on base; Lexington 2 - Hickory 5
BOTTOM OF THE 5TH
Hickory Crawdads batting - Pitching for Lexington Legends : RHP Terry Romaine
Pitching: LHP Joel Page
Batting: RHB Bobby Larson 0-0: Called Strike
0-1: Foul Ball, location: 2F
0-2: Foul Ball, location: 2F
0-2: Ball
1-2: Foul Ball, location: 2F
1-2: Ball
2-2: Ball
3-2: Foul Ball, location: 2F
3-2: Fly out, F9 (Line Drive, 9, EV 94.4 MPH)
Batting: LHB Nick Foutz 0-0: Ball
1-0: Ball
2-0: Ground out 2-3 (Groundball, 2L, EV 63.8 MPH)
Batting: LHB Casper Kersten 0-0: Ball
1-0: Foul Ball, location: 2F
1-1: Ball
2-1: Swinging Strike
2-2: Foul Ball, location: 2F
2-2: Ball
3-2: Base on Balls
Pitching: RHP Brian Straub
Batting: RHB Jason Swisher 0-0: Ball
1-0: Ball
2-0: Called Strike
2-1: Called Strike
2-2: Fly out, F8 (Line Drive, 8RD, EV 92.5 MPH)
Bottom of the 5th over - 0 runs, 0 hits, 0 errors, 1 left on base; Lexington 2 - Hickory 5
TOP OF THE 6TH
Lexington Legends batting - Pitching for Hickory Crawdads : LHP Chris P. Bacon
Batting: RHB Andy Urquhart 0-0: Called Strike
0-1: Foul Ball, location: 2F
0-2: Ball
1-2: Ball
2-2: Strikes out looking
Batting: RHB Kevin Roseen 0-0: Ball
1-0: SINGLE (Groundball, 34D, EV 98.1 MPH)
Batting: RHB Alex Cid 0-0: Ball
1-0: Called Strike
1-1: Ball
2-1: Ball
3-1: Base on Balls
Kevin Roseen to second
Batting: LHB Ho-win Zhou 0-0: SINGLE (Groundball, 4D, EV 95.6 MPH)
Kevin Roseen to third
Alex Cid to second
Runner from 3rd tries for Home, SAFE, throw by RF to home
Batting: LHB Robby Diaz 0-0: 3-RUN HOME RUN (Flyball, 89XD, EV 103.8 MPH), Distance : 442 ft
Pitching: LHP Logan Benson
Batting: RHB Josh Martin 0-0: Called Strike
0-1: Ball
1-1: Called Strike
1-2: Strikes out swinging
Batting: SHB Jason Anaya 0-0: Swinging Strike
0-1: Ball
1-1: Foul Ball, location: 2F
1-2: Foul Ball, location: 2F
1-2: Ball
2-2: Strikes out swinging, 2-3 out at first.
Top of the 6th over - 4 runs, 3 hits, 0 errors, 0 left on base; Lexington 6 - Hickory 5
BOTTOM OF THE 6TH
Hickory Crawdads batting - Pitching for Lexington Legends : RHP Brian Straub
Batting: SHB Santos Renteria 0-0: Called Strike
0-1: Ball
1-1: Ball
2-1: SINGLE (Groundball, 5D, EV 103.8 MPH)
Batting: LHB Antonio Domingues 0-0: Ball
1-0: Ball
2-0: Ball
3-0: Called Strike
3-1: Base on Balls
Santos Renteria to second
Batting: RHB Luke Stark 0-0: Ball
1-0: Called Strike
1-1: Called Strike
1-2: Ball
2-2: DOUBLE (Line Drive, 9LD, EV 108.8 MPH)
Santos Renteria scores
Antonio Domingues to third
Runner from 3rd tries for Home, SAFE, throw by RF to trailing runner, SAFE at third!
Pitching: RHP John Stein
Batting: LHB Franklin Quezada 0-0: Ball
1-0: SINGLE (Groundball, 6MD, EV 105.6 MPH)
Luke Stark scores
Batting: RHB Doug Hammertime 0-0: Ball
Franklin Quezada is caught stealing 2nd base 2-4
1-0: Ball
2-0: Called Strike
2-1: Ground out 6-3 (Groundball, 6, EV 104.4 MPH)
Batting: RHB Bobby Larson 0-0: Ball
1-0: Ball
2-0: Foul Ball, location: 2F
2-1: Foul Ball, location: 2F
2-2: Ball
3-2: Reached on error, E5 (Groundball, 56, EV 76.9 MPH)
Batting: LHB Nick Foutz 0-0: Ball
1-0: Called Strike
1-1: Ball
2-1: Foul Ball, location: 2F
2-2: 2-RUN HOME RUN (Flyball, 89XD, EV 113.8 MPH), Distance : 453 ft
Batting: LHB Casper Kersten 0-0: Ball
1-0: Called Strike
1-1: SOLO HOME RUN (Flyball, 9D, EV 98.8 MPH), Distance : 378 ft
Pitching: LHP Ken Milhouse
Batting: RHB Jason Swisher 0-0: Ball
1-0: Foul Ball, location: 2F
1-1: Ball
2-1: Ball
3-1: Base on Balls
Batting: SHB Santos Renteria 0-0: Ball
1-0: Foul Ball, location: 2F
1-1: Called Strike
1-2: Ball
2-2: Foul Ball, location: 2F
2-2: Strikes out swinging
Bottom of the 6th over - 6 runs, 5 hits, 1 error, 1 left on base; Lexington 6 - Hickory 11
TOP OF THE 7TH
Lexington Legends batting - Pitching for Hickory Crawdads : LHP Logan Benson
Now at 1B: Antonio Domingues
Now at 2B: Luke Stark
Now at 3B: Garrison Feltham
Now at SS: Casper Kersten
Now in LF: Franklin Quezada
Now in CF: Barry Brents
Now in RF: Theo van Gent
Batting: RHB Matt Tittle 0-0: Ball
1-0: Ball
2-0: Swinging Strike
2-1: Fly out, F7 (Line Drive, 7S, EV 88.1 MPH)
Batting: RHB Justin Bonner 0-0: Called Strike
0-1: Swinging Strike
0-2: Ball
1-2: DOUBLE (Line Drive, 8LXD, EV 104.4 MPH)
Batting: RHB Andy Urquhart 0-0: Ball
1-0: Swinging Strike
1-1: Swinging Strike
1-2: Strikes out swinging
Batting: RHB Kevin Roseen 0-0: Ball
1-0: Foul Ball, location: 2F
1-1: Ball
2-1: Ball
3-1: Base on Balls
Batting: RHB Alex Cid 0-0: Called Strike
0-1: Foul Ball, location: 2F
0-2: Ball
1-2: Foul Ball, location: 2F
1-2: Fielders Choice at 2nd, U4 (Groundball, 4M, EV 85.0 MPH)
Top of the 7th over - 0 runs, 1 hit, 0 errors, 2 left on base; Lexington 6 - Hickory 11
BOTTOM OF THE 7TH
Hickory Crawdads batting - Pitching for Lexington Legends : LHP Ken Milhouse
Batting: LHB Antonio Domingues 0-0: Ball
1-0: Ball
2-0: Foul Ball, location: 2F
2-1: Called Strike
2-2: Ball
3-2: Base on Balls
Batting: RHB Luke Stark 0-0: Ball
1-0: Ball
2-0: Foul Ball, location: 2F
2-1: Ball
3-1: Foul Ball, location: 2F
3-2: Foul Ball, location: 2F
3-2: Single, Error in OF, E7, batter to second base (Line Drive, 5L, EV 104.4 MPH)
Antonio Domingues to third
Pitching: RHP Matt Voulgaris
Batting: LHB Franklin Quezada 0-0: Foul Ball, location: 2F
0-1: Ball
1-1: Foul Ball, location: 2F
1-2: Ball
2-2: Fly out, F7 (Flyball, 78S, EV 85.0 MPH)
Batting: RHB Theo van Gent 0-0: Called Strike
0-1: Ball
1-1: Called Strike
1-2: Foul Ball, location: 2F
1-2: Single, Error in OF, E8, batter to second base (Groundball, 4D, EV 99.4 MPH)
Antonio Domingues scores
Luke Stark scores
Batting: RHB Bobby Larson 0-0: Ball
1-0: Ball
2-0: Ball
3-0: Called Strike
3-1: Base on Balls
Batting: RHB Garrison Feltham 0-0: Ball
1-0: Ball
2-0: Foul Ball, location: 2F
2-1: Ball
3-1: Base on Balls
Theo van Gent to third
Bobby Larson to second
Pitching: LHP Anton Erlykov
Batting: LHB Casper Kersten 0-0: Ball
1-0: Called Strike
1-1: Ball
2-1: Called Strike
2-2: Foul Ball, location: 2F
2-2: Ball
3-2: Base on Balls
Theo van Gent scores
Bobby Larson to third
Garrison Feltham to second
Batting: RHB Barry Brents 0-0: Called Strike
0-1: Ball
1-1: SINGLE (Groundball, 34D, EV 103.1 MPH)
Bobby Larson scores
Garrison Feltham to third
Casper Kersten to second
Runner from 3rd tries for Home, SAFE, throw by RF to home
Batting: SHB Santos Renteria 0-0: Swinging Strike
0-1: Ball
1-1: Foul Ball, location: 2F
1-2: Ball
2-2: Foul Ball, location: 2F
2-2: Foul Ball, location: 2F
2-2: Grounds into double play, 4-6-3 (Groundball, 4, EV 76.9 MPH)
Bottom of the 7th over - 5 runs, 3 hits, 2 errors, 1 left on base; Lexington 6 - Hickory 16
TOP OF THE 8TH
Lexington Legends batting - Pitching for Hickory Crawdads : LHP Logan Benson
Now in LF: Barry Brents
Now in CF: Adryão Anto
Batting: LHB Ho-win Zhou 0-0: Called Strike
0-1: Foul Ball, location: 2F
0-2: Ball
1-2: Foul Ball, location: 2F
1-2: Strikes out swinging
Batting: LHB Robby Diaz 0-0: Swinging Strike
0-1: Ball
1-1: Called Strike
1-2: Strikes out swinging
Batting: RHB Josh Martin 0-0: Ball
1-0: Ball
2-0: Called Strike
2-1: Swinging Strike
2-2: SINGLE (Groundball, 34S, EV 73.8 MPH) (infield hit)
Pinch Hitting: LHB Josh Moore 0-0: Ball
1-0: Swinging Strike
1-1: Called Strike
1-2: Strikes out swinging
Top of the 8th over - 0 runs, 1 hit, 0 errors, 1 left on base; Lexington 6 - Hickory 16
BOTTOM OF THE 8TH
Hickory Crawdads batting - Pitching for Lexington Legends : LHP Anton Erlykov
Now in RF: Josh Moore
Batting: LHB Antonio Domingues 0-0: Called Strike
0-1: Ball
1-1: Ball
2-1: Foul Ball, location: 2F
2-2: Foul Ball, location: 2F
2-2: Ball
3-2: Fly out, F5 (Flyball, 56D, EV 73.1 MPH)
Pitching: RHP Alex Sanders
Batting: RHB Luke Stark 0-0: Foul Ball, location: 2F
0-1: Called Strike
0-2: Strikes out swinging
Batting: RHB Adryão Anto 0-0: Ball
1-0: Foul Ball, location: 2F
1-1: Ball
2-1: Ball
3-1: Base on Balls
Batting: RHB Theo van Gent 0-0: SINGLE (Line Drive, 89S, EV 105.6 MPH)
Adryão Anto to second
Batting: RHB Bobby Larson 0-0: Hit by Pitch
Adryão Anto to third
Theo van Gent to second
Batting: RHB Garrison Feltham 0-0: Foul Ball, location: 2F
0-1: Ball
1-1: Called Strike
1-2: Strikes out swinging
Bottom of the 8th over - 0 runs, 1 hit, 0 errors, 3 left on base; Lexington 6 - Hickory 16
TOP OF THE 9TH
Lexington Legends batting - Pitching for Hickory Crawdads : LHP Logan Benson
Batting: RHB Matt Tittle 0-0: Ball
1-0: Ball
2-0: Called Strike
2-1: Swinging Strike
2-2: Ground out 6-3 (Groundball, 6, EV 81.9 MPH)
Batting: RHB Justin Bonner 0-0: Foul Ball, location: 2F
0-1: Ball
1-1: Ball
2-1: Foul Ball, location: 2F
2-2: Foul Ball, location: 2F
2-2: Ground out 5-3 (Groundball, 56S, EV 70.6 MPH)
Batting: RHB Andy Urquhart 0-0: Fly out, F4 (Popup, 3D, EV 38.1 MPH)
Top of the 9th over - 0 runs, 0 hits, 0 errors, 0 left on base; Lexington 6 - Hickory 16
Thursday, March 31st , 2022 - OOTP Baseball 22.12 Build 89